 Dungeon Crawl Stone Soup version 0.17-a0-2122-g03d97ec (webtiles) character file.

26 SlimeFever the Vexing (level 2, 13/19 HPs)
             Began as a Vampire Enchanter on Oct 21, 2015.
             Quit the game on level 2 of the Dungeon.
             The game lasted 00:07:42 (653 turns).

SlimeFever the Vexing (Vampire Enchanter)            Turns: 653, Time: 00:07:42

Health: 13/19      AC:  6    Str:  7    XL:     2   Next: 89%
Magic:  4/4        EV: 13    Int: 17    God:
Gold:   41         SH:  0    Dex: 14    Spells: 2 memorised, 2 levels left

rFire  . . .     SeeInvis +     a - +1 dagger
rCold  . . .     Clarity  .     b - +1 robe
rNeg   + . .     SustAt   .     (no shield)
rPois  .         Gourm    .     (no helmet)
rElec  .         Spirit   .     (no cloak)
rCorr  .         Warding  .     (no gloves)
rMut   .         Stasis   .     i - +0 pair of boots
MR     .....                    (no amulet)
Stlth  +++.......               (no ring)
                                m - +1 ring of protection

@: not resistant to hostile enchantments, fairly stealthy
A: fangs 3, rugged brown scales 1, see invisible, berserk 1, low mp 1, sense
surroundings 1, unbreathing
a: no special abilities


You were on level 2 of the Dungeon.
You were not thirsty.

You visited 1 branch of the dungeon, and saw 2 of its levels.

You collected 41 gold pieces.

Inventory:

Hand Weapons
 a - a +1 dagger (weapon)
Missiles
 f - a tomahawk (quivered)
 l - 11 poisoned needles
 n - 17 arrows
Armour
 b - a +1 robe (worn)
 i - a +0 pair of boots (worn)
Jewellery
 m - a +1 ring of protection (left hand)
Scrolls
 p - 2 scrolls of identify
Potions
 d - a potion of blood
 g - a potion of might {unknown}
 h - a potion of beneficial mutation {unknown}
 j - a potion of curing {unknown}
 k - a potion of haste {unknown}
Books
 c - a book of Maledictions

   Spells                             Type                      Level
   a - Corona                         Hexes                        1
   b - Ensorcelled Hibernation        Hexes/Ice                    2
   c - Confuse                        Hexes                        3
   d - Tukima's Dance                 Hexes                        3
   e - Dazzling Spray                 Conjuration/Hexes            3


   Skills:
 * Level 1.8 Short Blades
 + Level 2.8 Dodging
 + Level 4.7 Stealth
 + Level 2.0 Spellcasting
 + Level 4.8 Hexes


You had 2 spell levels left.
You knew the following spells:

 Your Spells              Type           Power        Failure   Level  Hunger
a - Corona                Hex            ###....      2%          1    #......
b - Ensorcelled Hibernat  Hex/Ice        #.....       14%         2    ###....


Dungeon Overview and Level Annotations

Branches:
Dungeon (2/15)

Altars:
Ashenzari


Innate Abilities, Weirdness & Mutations

You have razor-sharp teeth.
You have supernaturally acute eyesight.
You can survive without breathing.
You are partially covered in rugged brown scales (AC +1, +3% HP).
You tend to lose your temper in combat.
Your magical capacity is low (-10% MP).
You passively map a small area around you.


Message History

You drop a long sword.
As you read the scroll labeled JIVVUXZ NACEHYNAPI, it crumbles to dust.
You feel as if something is helping you.
It was a scroll of remove curse.
As you read the scroll labeled WANOAX WULAPT, it crumbles to dust.
It is a scroll of identify.
Identify which item? (\ to view known items) (? for menu, Esc to quit)
o - 2 potions of mutation You feel extremely strange.
You feel a strange attunement to the structure of the dungeons.
You feel less energetic.
Your toenails lengthen and sharpen.
You feel extremely strange.
Your talons dull and shrink into feet.
You feel a little pissed off.
Rugged brown scales grow over part of your body.
Unknown command.
Unknown command.
Unknown command.
Unknown command.
Unknown command.
Are you sure you want to abandon this character and quit the game? (Confirm with "yes".)

......###########..#
#...............#
#...............##
#................#
#..............#)#
#..............#.w *
#..............###
,,
#..............### ,
* #@......<..†......
,,
#...............##
#...............#
#...............#
#...............# ,
#..............##
#..............#
#########....###
....#


There were no monsters in sight!

Vanquished Creatures
  An ooze (D:1)
  A worm (D:2)
  3 giant geckos
  A bat (D:1)
  A giant cockroach (D:1)
  2 hobgoblins
  2 jackals (D:2)
  2 kobolds
  3 rats
16 creatures vanquished.

Notes
Turn   | Place    | Note
--------------------------------------------------------------
     0 | D:1      | SlimeFever the Vampire Enchanter began the quest for the Orb.
     0 | D:1      | Reached XP level 1. HP: 13/13 MP: 3/3
   276 | D:1      | Found a shattered altar of Ashenzari.
   284 | D:1      | Reached XP level 2. HP: 19/19 MP: 1/5
   288 | D:1      | Learned a level 2 spell: Ensorcelled Hibernation
   651 | D:2      | Gained mutation: You passively map a small area around you. [potion of mutation]
   651 | D:2      | Gained mutation: Your magical capacity is low (-10% MP). [potion of mutation]
   651 | D:2      | Gained mutation: You have sharp toenails. [potion of mutation]
   652 | D:2      | Lost mutation: You have sharp toenails. [potion of mutation]
   652 | D:2      | Gained mutation: You tend to lose your temper in combat. [potion of mutation]
   652 | D:2      | Gained mutation: You are partially covered in rugged brown scales (AC +1, +3% HP). [potion of mutation]
   653 | D:2      | Quit the game

Vault maps used:
D:1:      dpeg_arrival_pond, minmay_misc_feat_plants, evilmike_ruin_ashenzari

Action                   || total
-------------------------++-------
Melee: Dagger            ||    43
Throw: Tomahawk          ||     2
 Cast: Corona            ||     8
       Ensorcelled Hiber ||     3
  Use: Scroll            ||     2
       Potion            ||     2
 Stab: Sleeping          ||     5
  Eat: Corpse            ||     1
